 Dungeon Crawl Stone Soup version 0.21-a0-283-g622b906 (webtiles) character file.

125 nikopol the Firebug (level 4, -3/24 HPs)
             Began as a Deep Elf Fire Elementalist on Sept 24, 2017.
             Slain by an orc wizard
             ... wielding a +0 dagger
              (5 damage)
             ... on level 3 of the Dungeon.
             The game lasted 00:07:35 (2574 turns).

nikopol the Firebug (Deep Elf Fire Elementalist)    Turns: 2574, Time: 00:07:36

Health: -3/24      AC:  3    Str:  5    XL:     4   Next: 82%
Magic:  1/12       EV: 13    Int: 21    God:
Gold:   89         SH:  0    Dex: 15    Spells: 5/11 levels left

rFire    . . .     SeeInvis .   h - -2 dagger (curse)
rCold    . . .     Gourm    .   (no shield)
rNeg     . . .     Faith    .   a - +0 robe
rPois    .         Spirit   .   (no helmet)
rElec    .         Reflect  .   (no cloak)
rCorr    .         Harm     .   (no gloves)
MR       .....                  o - +0 pair of boots
Stlth    ++........             (no amulet)
HPRegen  0.08/turn              f - ring of flight
MPRegen  0.13/turn              (no ring)

@: no status effects
A: no striking features
a: Evoke Flight


You were on level 3 of the Dungeon.
You were not hungry.

You visited 1 branch of the dungeon, and saw 3 of its levels.

You collected 89 gold pieces.

Inventory:

Hand Weapons
 h - a cursed -2 dagger (weapon)
Armour
 a - a +0 robe (worn)
 o - a +0 pair of boots (worn)
Jewellery
 f - a ring of flight (left hand)
Scrolls
 e - 8 scrolls of identify {unknown}
 g - a scroll of teleportation {unknown}
 j - a scroll of blinking {unknown}
 l - a scroll of enchant armour {unknown}
 p - a scroll of remove curse {unknown}
Potions
 d - 2 potions of degeneration {unknown}
 i - 3 potions of brilliance {unknown}
 n - a potion of might {unknown}
Books
 b - a book of Flames

   Spells                             Type                      Level
   a - Flame Tongue                   Conjuration/Fire             1
   b - Throw Flame                    Conjuration/Fire             2
   c - Conjure Flame                  Conjuration/Fire             3
   d - Inner Flame                    Hexes/Fire                   3
   e - Sticky Flame                   Conjuration/Fire             4
   f - Fireball                       Conjuration/Fire             5
Comestibles
 c - 2 bread rations
 k - 2 meat rations
 m - a royal jelly


   Skills:
 + Level 2.8 Dodging
 + Level 3.0 Stealth
 + Level 4.2 Spellcasting
 + Level 2.7 Conjurations
 + Level 4.4 Fire Magic


You had 5 spell levels left.
You knew the following spells:

 Your Spells              Type           Power        Failure   Level  Hunger
a - Flame Tongue          Conj/Fire      ###..        2%          1    None
b - Throw Flame           Conj/Fire      ###...       4%          2    #......
c - Conjure Flame         Conj/Fire      ###.....     8%          3    ###....


Dungeon Overview and Level Annotations

Branches:
Dungeon (3/15)

Altars:
The Shining One

Annotations:
D:2 Sigmund


Message History

The magic dart hits you!
* * * LOW HITPOINT WARNING * * *
Casting: Flame Tongue
Confirm with . or Enter, or press ? or * to list all spells.
Aiming: Flame Tongue
Press: ? - help, Shift-Dir - straight line, f/p - orc wizard
Aim: an orc wizard, wielding a dagger and wearing a robe (almost dead, fast)
The flame tongue misses the orc wizard.
The orc wizard mumbles some strange words.
The orc wizard seems to speed up.
The orc wizard hits you but does no damage.
Casting: Flame Tongue
Confirm with . or Enter, or press ? or * to list all spells.
Aiming: Flame Tongue
Press: ? - help, Shift-Dir - straight line, f/p - orc wizard
Aim: an orc wizard, wielding a dagger and wearing a robe (almost dead, fast)
The flame tongue hits the orc wizard.
You kill the orc wizard!
The orc wizard hits you with a dagger.
You die...

.... #o##<.o# .#$#
...#o##...##.#.# ###
#.#.##.#.#....# ...
#....#.#.#.!#
#?.#...##..#.#....#
......#..###.#...#......#
......#....#.#..####....#
.....?.#..)o†...........#
.......###@###.######...#
.......#.).# #. ...#
.......#.### ## #....
b........###### #..##
######......... .>#
#.######## #.# #...#<##
###.#..# #.>..#


You could see an orc wizard.

Vanquished Creatures
  An orc wizard (D:3)
  2 gnolls (D:1)
  An adder (D:2)
  A worm (D:2)
  3 dart slugs
  3 leopard geckos (D:1)
  5 orcs
  5 bats
  7 goblins
  5 hobgoblins (D:1)
  2 jackals (D:1)
  3 kobolds
  2 ball pythons (D:1)
  7 frilled lizards
  6 rats
53 creatures vanquished.

Notes
Turn   | Place    | Note
-------+----------+-------------------------------------------
     0 | D:1      | nikopol the Deep Elf Fire Elementalist began the quest for the Orb.
     0 | D:1      | Reached XP level 1. HP: 10/10 MP: 6/6
    94 | D:1      | Reached XP level 2. HP: 10/15 MP: 1/8
   101 | D:1      | Learned a level 2 spell: Throw Flame
   322 | D:1      | Reached XP level 3. HP: 8/19 MP: 3/10
   327 | D:1      | Learned a level 3 spell: Conjure Flame
  1412 | D:2      | Found a glowing golden altar of the Shining One.
  1674 | D:2      | Noticed Sigmund
  2006 | D:2      | Reached XP level 4. HP: 24/24 MP: 9/11
  2572 | D:3      | HP: 1/24 [orc wizard/magic dart (4)]
  2574 | D:3      | Slain by an orc wizard

Vault maps used:
D:1:      minmay_arrival_loop, amethyst_killhole, minmay_tromino_mix6
D:2:      tso_metal_star, minmay_misc_feat_chi, uniq_sigmund

Skill      XL: |  1  2  3  4 |
---------------+-------------+-----
Fire Magic     | 4 |  4.4
Stealth        | 3 |  3.0
Conjurations   | 2 |  2.7
Spellcasting   | 4 |  4.2
Dodging        | |  2.8

Action                   |  1- 3 |  4- 6 || total
-------------------------+-------+-------++-------
 Cast: Flame Tongue      |    69 |    31 ||   100
       Throw Flame       |       |     3 ||     3
       Conjure Flame     |       |     1 ||     1
  Eat: Chunk             |     2 |     3 ||     5
Armor: Robe              |       |     3 ||     3
Dodge: Dodged            |    10 |     9 ||    19

Table legend:
 A = Spawn XP
 B = Non-spawn XP
 C = Spawn XP percentage of total XP
 D = Spawn monster count
 E = Non-spawn monster count
 F = Spawn count percentage of total count
 G = Total turns spent on level
                    A         B        C        D         E        F      G
               +---------+---------+-------+---------+---------+-------+---------
         Total |       0 |     179 |   0.0 |       0 |      53 |   0.0 |  2574
               +---------+---------+-------+---------+---------+-------+---------
           D:1 |       0 |      87 |   0.0 |       0 |      34 |   0.0 |  1526
           D:2 |       0 |      38 |   0.0 |       0 |      13 |   0.0 |   957
           D:3 |       0 |      54 |   0.0 |       0 |       6 |   0.0 |    91
               +---------+---------+-------+---------+---------+-------+---------
